AoeStats
← TheQuietRiot

Arena

506364603Analyzed
1v1 RM · 20d ago on Sep 13, 2026· 51m 54s· 2 players
Game mode
Random Map
Map size
Tiny (2 player)
Population
200
Speed
Normal
Resources
Standard
Victory
Conquest
Starting age
Dark Age
Ending age
Imperial Age
RankedLock teamsTeams togetherTeam positionsShared explorationLock speedFull tech treeHidden civsTurbo modeCheats
Victory
Defeat
🇬🇧 Italians · United Kingdom
913
+16
🇬🇧 Teutons · United Kingdom
903
-16
TheQuietRiot
8:13 Loom
10:59 Feudal Age
11:24 Double-Bit Axe
12:15 Horse Collar
17:33 Castle Age
15:36 Stone Mining
15:32 Horse Collar
17:41 Gold Mining
20:37 Forging
20:28 Scale Mail Armor
24:42 Bow Saw
24:50 Fletching
26:31 Town Watch
27:47 Heavy Plow
28:55 Wheelbarrow
29:28 Iron Casting
30:21 Hand Cart
33:18 Imperial Age
32:31 Bloodlines
32:41 Chain Mail Armor
32:34 Scale Barding Armor
35:45 Chain Barding Armor
36:26 Blast Furnace
37:14 Ballistics
37:55 Chemistry
37:06 Siege Engineers
37:24 Pikeman
38:05 Squires
37:53 Gambesons
37:55 Arson
39:07 Cavalier
39:50 Padded Archer Armor
39:44 Elite Skirmisher
39:59 Halberdier
41:01 Bodkin Arrow
44:56 Leather Archer Armor
Nope
5:42 Loom
9:35 Feudal Age
15:16 Castle Age
13:46 Double-Bit Axe
14:09 Horse Collar
17:42 Bow Saw
29:49 Imperial Age
27:25 Gold Mining
27:39 Heavy Plow
28:00 Fletching
27:58 Treadmill Crane
28:48 Bodkin Arrow
29:18 Ballistics
31:35 Chemistry
31:17 Wheelbarrow
30:42 Stone Mining
32:17 Stone Shaft Mining
31:47 Bracer
33:22 Two-Man Saw
32:55 Crop Rotation
33:08 Heated Shot
34:52 Forging
37:00 Bombard Tower
37:15 Pirotechnia
38:48 Elite Genoese Crossbowman
40:18 Iron Casting
39:56 Fortified Wall
43:04 Hand Cart
44:07 Padded Archer Armor
46:31 Blast Furnace
45:31 Murder Holes
51:48 Onager
Connection lost

Rejoining the realm…

Still unreachable

The connection could not be restored.

Session expired

The server has moved on; the page needs a fresh start.